 Dungeon Crawl Stone Soup version 0.27-a0-1555-g0e7b3fb1d2 (webtiles) character file.

Game seed: 14737325907632903396

74 Lemonice the Gusty (level 4, -1/24 HPs)
             Began as a Tengu Air Elementalist on July 15, 2021.
             Slain by Sigmund (3 damage)
             ... on level 2 of the Dungeon.
             The game lasted 00:05:54 (3513 turns).

Lemonice the Gusty (Tengu Air Elementalist)         Turns: 3513, Time: 00:05:55

Health: -1/24      AC:  3    Str:  6 (9)  XL:     4   Next: 28%
Magic:  6/8        EV: 12    Int: 15 (16) God:
Gold:   109        SH:  0    Dex: 13 (14) Spells: 3/7 levels left

rFire    . . .     SeeInvis .   r - +1 war axe (vorpal)
rCold    . . .     Faith    .   (no shield)
rNeg     . . .     Spirit   .   a - +0 robe
rPois    .         Reflect  .   (helmet restricted)
rElec    .         Harm     .   p - +0 cloak
rCorr    .         Rampage  .   (no gloves)
Will     .....                  (boots unavailable)
Stlth    +.........             (no amulet)
HPRegen  0.08/turn              (no ring)
MPRegen  0.11/turn              (no ring)

@: confused, mighty, attractive, flying
A: beak, talons 3
a: no special abilities


You were on level 2 of the Dungeon.
You visited 1 branch of the dungeon, and saw 4 of its levels.

You collected 109 gold pieces.

Inventory:

Hand Weapons
 r - a +1 vorpal war axe (weapon)
Missiles
 g - 2 throwing nets
Armour
 a - a +0 robe (worn)
 p - a +0 cloak (worn)
Scrolls
 d - 2 scrolls of enchant weapon {unknown}
 e - a scroll of magic mapping {unknown}
 h - 2 scrolls of teleportation {unknown}
 i - a scroll of identify {unknown}
 j - a scroll of fear {unknown}
 k - a scroll of fog {unknown}
 l - a scroll of vulnerability {unknown}
 m - a scroll of immolation {unknown}
 n - a scroll of noise {unknown}
Potions
 b - 3 potions of attraction


   Skills:
 - Level 2.3 Dodging
 - Level 2.0 Stealth
 - Level 2.0 Spellcasting
 - Level 1.3 Conjurations
 * Level 6.5 Air Magic


You had 3 spell levels left.
You knew the following spells:

 Your Spells              Type           Power      Damage    Failure   Level
a - Shock                 Conj/Air       52%        1d6       4%          1
b - Swiftness             Air            21%        N/A       4%          3

Your spell library contained the following spells:

 Spells                   Type           Power      Damage    Failure   Level
 Static Discharge         Conj/Air       13%        N/A       7%          2
 Beastly Appendage        Tmut           2%         N/A       22%         1
 Wereblood                Tmut           1%         N/A       32%         2
 Gell's Gravitas          Tloc           0%         N/A       54%         3
 Spider Form              Tmut/Pois      0%         N/A       54%         3
 Teleport Other           Tloc           1%         N/A       54%         3
 Airstrike                Air            10%        N/A       16%         4
 Dispersal                Tloc           0%         N/A       100%        6


Dungeon Overview and Level Annotations

Branches:
Dungeon (4/15)
 Temple: D:4-7

Altars:

Annotations:
D:2 Sigmund
D:3 1 runed translucent door, fly's ghost, amateur HuDe
D:4 Edmund


Innate Abilities, Weirdness & Mutations

You have a beak for a mouth.
You have claws for feet.


Message History

Sigmund is moderately wounded.
Sigmund barely misses you.
You closely miss Sigmund. Your kick misses Sigmund.
Sigmund is moderately wounded.
Sigmund closely misses you. Sigmund hits you with a +0 scythe!
Sigmund hits you from afar with a +0 scythe!
Ouch! That really hurt!
* * * LOW HITPOINT WARNING * * *
Sigmund is pulled toward you!
It was a potion of degeneration.
There was something very wrong with that liquid.
You feel weakened.
You feel dopey.
You feel clumsy. Sigmund closely misses you.
It was a potion of might.
You feel very mighty all of a sudden. Sigmund misses you.
Casting: Shock (safe; 4% risk of failure)
Confirm with . or Enter, or press ? or * to list all spells.
Aiming: Shock (safe; 4% risk of failure)
Press: ? - help, Shift-Dir - straight line, p - Sigmund The zap hits Sigmund.
Sigmund is heavily wounded.
The zap hits Sigmund.
Sigmund is heavily wounded.
Sigmund gestures wildly while chanting.
Sigmund flickers and vanishes!
Deactivating autopickup; reactivate with Ctrl-A.
Casting: Shock (safe; 4% risk of failure)
Confirm with . or Enter, or press ? or * to list all spells.
You can't see any susceptible monsters within range! (Use Z to cast anyway.)
Casting: Shock (safe; 4% risk of failure)
Confirm with . or Enter, or press ? or * to list all spells.
Aiming: Shock (safe; 4% risk of failure)
Press: ? - help, Shift-Dir - straight line The zap hits something.
You hear some strange, mumbled words.
You are confused.
You're too confused to cast spells.
You barely miss something. Something hits you.
You die...

#########.### #.#.####...#.##.##
#........†..###.#(..............
#........÷.........####..#.##.#.
#..................# ##.#.##.#.
#..................# #.#....).
############.......# #..###.##
########.......#####..###.#
.......'...............##.#
########..{@...#######.##.#
#(..........# #..#.#
#...........# ##.#.#
#.....####### #.#.# #.....#
######'#'## ####### #.........#
#.........# #.........#
#.........#


There were no monsters in sight!

Vanquished Creatures
  2 adders (D:3)
  2 worms
  A dart slug (D:4)
  4 ball pythons
  4 bats
  3 endoplasms
  4 giant cockroaches
  8 hobgoblins
  2 jackals (D:1)
  5 kobolds
  2 quokkas
  2 frilled lizards
  A goblin (D:3)
  7 rats
47 creatures vanquished.

Notes
Turn   | Place    | Note
-------+----------+-------------------------------------------
     0 | D:1      | Lemonice the Tengu Air Elementalist began the quest for the
                  | Orb.
     0 | D:1      | Reached XP level 1. HP: 10/10 MP: 4/4
   418 | D:1      | Reached XP level 2. HP: 15/15 MP: 3/6
  1048 | D:1      | Reached skill level 5 in Air Magic
  1573 | D:2      | Reached XP level 3. HP: 19/19 MP: 4/7
  2236 | D:2      | Noticed Sigmund
  2267 | D:2      | Learned a level 3 spell: Swiftness
  2346 | D:3      | Reached skill level 6 in Air Magic
  2522 | D:3      | Found a runed translucent door.
  2522 | D:3      | Noticed fly's ghost (amateur HuDe)
  2728 | D:3      | Reached XP level 4. HP: 24/24 MP: 1/8
  2940 | D:3      | Found a faded altar of an unknown god.
  3312 | D:4      | Noticed a black bear
  3379 | D:4      | Noticed Edmund
  3393 | D:4      | Noticed an ogre
  3513 | D:2      | Slain by Sigmund

Illustrated notes

Levels and vault maps discovered:
D:1:      amcnicky_arrival_abandoned_market, layout_basic, serial_corexii_hall,
          chequers_hall_statues_y, corexii_hall_statues_x, minmay_crystal_room
D:2:      layout_basic, uniq_sigmund
D:3:      layout_loops_ring, basic_ecumenical_altar, gammafunk_ghost_grave
D:4:      layout_cave_pods, grunt_ministairs_15, chequers_serial_rivers_micro_a,
          uniq_edmund

Skill      XL: |  1  2  3 |
---------------+----------+-----
Air Magic      | 5 6 |  6.5
Dodging        | |  2.3
Stealth        | |  2.0
Spellcasting   | |  2.0
Conjurations   | |  1.3

Action                   |  1- 3 |  4- 6 || total
-------------------------+-------+-------++-------
Melee: Unarmed           |     2 |       ||     2
       Kick              |     1 |     1 ||     2
       War axe           |       |     9 ||     9
       Peck              |       |     3 ||     3
 Cast: Shock             |    87 |    17 ||   104
  Use: Potion            |       |     5 ||     5
Armor: Robe              |     3 |     1 ||     4
Dodge: Dodged            |     9 |    17 ||    26

Table legend: (Time is in decaauts)
 A = Elapsed time spent in this place.
 B = Non-inter-level travel time spent in this place.
 C = Inter-level travel time spent in this place.
 D = Time resting spent in this place.
 E = Time spent auto-exploring this place.
 F = Levels seen in this place.
 G = Mean time per level.
                   A        B        C        D        E       F      G
               +--------+--------+--------+--------+--------+-----+--------+
         Total |   3518 |   3411 |    107 |      0 |   3056 |   4 |  879.5 |
       Dungeon |   3518 |   3411 |    107 |      0 |   3056 |   4 |  879.5 |
               +--------+--------+--------+--------+--------+-----+--------+

Top non-repeatable levels by time:
     D:1: 1387 daAuts
     D:3: 1053 daAuts
     D:2: 975 daAuts
     D:4: 102 daAuts
